 Dungeon Crawl Stone Soup version 0.24-a0-507-g3e8b242632 (webtiles) character file.

Game seed: 4599009047512026651

234 Peloso the Shield-Bearer (level 5, -4/47 HPs)
             Began as a Minotaur Fighter on July 19, 2019.
             Killed by divine providence
             ... invoked by an orc priest
              (10 damage)
             ... on level 3 of the Dungeon.
             The game lasted 00:03:49 (1575 turns).

Peloso the Shield-Bearer (Minotaur Fighter)         Turns: 1575, Time: 00:03:50

Health: -4/47      AC: 15    Str: 20    XL:     5   Next: 75%
Magic:  4/4        EV:  4    Int:  5    God:
Gold:   85         SH: 10    Dex: 11    Spells: 4/4 levels left

rFire    . . .     SeeInvis .   a - +0 long sword
rCold    . . .     Gourm    .   c - +0 shield
rNeg     . . .     Faith    .   k - +0 plate armour
rPois    .         Spirit   .   (helmet restricted)
rElec    .         Reflect  .   (no cloak)
rCorr    .         Harm     .   g - +0 pair of gloves (curse)
MR       .....                  o - +1 pair of boots
Stlth    ..........             (no amulet)
HPRegen  0.15/turn              (no ring)
MPRegen  0.09/turn              (no ring)

@: no status effects
A: retaliatory headbutt, horns 2
a: no special abilities


You were on level 3 of the Dungeon.
You were not hungry.

You visited 1 branch of the dungeon, and saw 3 of its levels.

You collected 85 gold pieces.

Inventory:

Hand Weapons
 a - a +0 long sword (weapon)
Armour
 b - a +0 scale mail
 c - a +0 shield (worn)
 g - a cursed +0 pair of gloves (worn)
 k - a +0 plate armour (worn)
 o - a +1 pair of boots (worn)
Jewellery
 p - a +5 ring of slaying {unknown}
Scrolls
 e - a scroll of amnesia {unknown}
 i - 2 scrolls of identify {unknown}
 l - 3 scrolls of remove curse {unknown}
 m - 2 scrolls of teleportation {unknown}
Potions
 d - a potion of might
 h - 2 potions of brilliance {unknown}
 j - 2 potions of resistance {unknown}
 n - 3 potions of berserk rage {unknown}
 q - a potion of ambrosia {unknown}
 r - a potion of mutation {unknown}
Comestibles
 f - 10 rations
 s - a chunk of flesh


   Skills:
 + Level 4.3 Fighting
 + Level 4.9 Long Blades
 + Level 4.4 Armour
 + Level 0.7 Dodging
 + Level 0.1 Stealth
 + Level 5.2 Shields


You had 4 spell levels left.
You didn't know any spells.
Your spell library was empty.

Dungeon Overview and Level Annotations

Branches:
Dungeon (3/15)

Altars:
Fedhas


Innate Abilities, Weirdness & Mutations

You reflexively headbutt those who attack you in melee.
You have a pair of horns on your head.


Message History

You block the slug dart. The orc hits you with a +0 short sword.
The orc priest looks braver for a moment.
The orc priest shouts!
The orc priest calls down the wrath of Beogh upon you.
Pain shoots through your body!
The orc throws a stone.
You block the stone.
The orc priest mumbles some strange prayers to Beogh against you.
Beogh smites you!
You see here a stone.
The orc throws a stone.
You block the stone.
You see here a stone.
An orc comes into view. It is wielding a +0 hand axe.
The orc shouts!
The orc priest invokes the aid of Beogh against you.
Beogh smites you!
* * * LOW HITPOINT WARNING * * *
The orc priest miscasts a cantrip.
A giant cockroach comes into view.
The orc priest calls down the wrath of Beogh upon you.
Beogh smites you!
You die...

### ..# ..##### ......#
#### ......# #..
......######.###########
..........##.#.........#
..........'(........?..#
######....##(#.#@$......
+..<.......o.......
######....##.#((..w...>.
.............#.(w......#
....##....####..o#w#...#
.... ###### #.oo#.#####
.... ........s ###.#
####.###... ....# ≈.≈
#.##


You could see a worm, 2 orc priests, 2 dart slugs, 2 orcs and a giant cockroach
(wandering).

Vanquished Creatures
  Sigmund (D:3)
  An adder (D:3)
  2 oozes
  A worm (D:2)
  2 dart slugs
  A leopard gecko (D:1)
  4 giant cockroaches
  12 goblins
  3 hobgoblins (D:1)
  3 jackals (D:3)
  A kobold (D:1)
  5 bats
  2 frilled lizards
  5 rats
43 creatures vanquished.

Notes
Turn   | Place    | Note
-------+----------+-------------------------------------------
     0 | D:1      | Peloso the Minotaur Fighter began the quest for the Orb.
     0 | D:1      | Reached XP level 1. HP: 19/19 MP: 0/0
    82 | D:1      | Reached skill level 4 in Shields
    82 | D:1      | Reached XP level 2. HP: 27/27 MP: 1/1
   690 | D:1      | Reached XP level 3. HP: 33/33 MP: 2/2
  1449 | D:3      | Found a blossoming altar of Fedhas.
  1464 | D:3      | Noticed Sigmund
  1474 | D:3      | Killed Sigmund
  1474 | D:3      | Reached skill level 5 in Shields
  1474 | D:3      | Reached XP level 4. HP: 34/41 MP: 3/3
  1474 | D:3      | Reached XP level 5. HP: 39/47 MP: 4/4
  1575 | D:3      | Killed from afar by an orc priest

Levels and vault maps discovered:
D:1:      lightli_arrival_statuegarden, layout_basic
D:2:      layout_basic, first_ration
D:3:      kennysheep_slugbush, layout_basic, fedhas_altar_1, uniq_sigmund

Skill      XL: |  1  2  3 |
---------------+----------+-----
Shields        | 4 5 |  5.2
Armour         | 4 |  4.4
Fighting       | 4 |  4.3
Long Blades    | 4 |  4.9
Dodging        | |  0.7
Stealth        | |  0.1

Action                   |  1- 3 |  4- 6 || total
-------------------------+-------+-------++-------
Melee: Long sword        |   114 |    22 ||   136
       Headbutt          |    10 |     4 ||    14
  Eat: Chunk             |     1 |     1 ||     2
Armor: Scale mail        |    30 |       ||    30
       Plate armour      |    31 |    17 ||    48
Dodge: Dodged            |    30 |     7 ||    37
Block: Shield            |    77 |    20 ||    97
       Rpst.: Long sword |     7 |       ||     7

Table legend:
 A = Non-vault XP
 B = Vault XP
 C = Vault XP percentage of total XP
 D = Non-vault monster count
 E = Vault monster count
 F = Vault count percentage of total count
                 A         B        C        D         E       F
            +---------+---------+-------+---------+---------+-------
      Total |     104 |     231 |  69.0 |      42 |       1 |   2.3
            +---------+---------+-------+---------+---------+-------
        D:1 |      43 |       0 |   0.0 |      22 |       0 |   0.0
        D:2 |      30 |       0 |   0.0 |      13 |       0 |   0.0
        D:3 |      31 |     231 |  88.2 |       7 |       1 |  12.5
            +---------+---------+-------+---------+---------+-------
